 Dungeon Crawl Stone Soup version 0.28-a0-1638-g9123634e07 (webtiles) character file.

Game seed: 4352457405641368795

3002 hashsling the Nimble (level 9, -3/54 HPs)
             Began as a Tengu Gladiator on Jan 25, 2022.
             Was a Follower of Sif Muna.
             Slain by a wyvern (9 damage)
             ... on level 8 of the Dungeon.
             The game lasted 00:19:06 (7952 turns).

hashsling the Nimble (Tengu Gladiator)              Turns: 7952, Time: 00:19:07

Health: -3/54      AC:  6    Str: 17    XL:     9   Next: 84%
Magic:  8/10       EV: 20    Int: 12    God:    Sif Muna [*.....]
Gold:   366        SH:  0    Dex: 17    Spells: 2/8 levels left

rFire   + + +      SeeInvis .   a - +0 quarterstaff
rCold   . . .      Faith    .   (shield currently unavailable)
rNeg    . . .      Spirit   .   r - +0 robe "Cemuin" {Drain rF++ Str+3}
rPois   .          Reflect  .   c - +0 hat
rElec   .          Harm     .   (no cloak)
rCorr   .          Rampage  .   (no gloves)
Will    .....                   (boots unavailable)
Stlth   ++........              (no amulet)
HPRegen 0.18/turn               v - +4 ring of protection
MPRegen 0.12/turn               y - ring of protection from fire

@: mighty, marked, flying quickly and evasively, quick
A: beak, talons 3, nimble flight
a: Renounce Religion, Channel Magic


You were on level 8 of the Dungeon.
You worshipped Sif Muna.
Sif Muna was aware of your devotion.
You visited 2 branches of the dungeon, and saw 9 of its levels.

You collected 366 gold pieces.

Inventory:

Hand Weapons
 a - a +0 quarterstaff (weapon)
Missiles
 d - 3 throwing nets
Armour
 c - a +0 hat (worn)
 r - the +0 robe "Cemuin" (worn) {Drain rF++ Str+3}
   (You found it on level 2 of the Dungeon)

   Str:       It affects your strength (+3).
   rF:        It greatly protects you from fire.
   Drain:     It drains your maximum health when unequipped.
Magical Staves
 s - a staff of poison
 w - a staff of fire
Jewellery
 e - a ring of positive energy
 v - a +4 ring of protection (left hand)
 y - a ring of protection from fire (right hand)
Scrolls
 b - a scroll of magic mapping {unknown}
 f - 2 scrolls of amnesia
 k - a scroll of vulnerability {unknown}
 l - a scroll of holy word {unknown}
 n - a scroll of fear {unknown}
 o - a scroll of enchant armour {unknown}
 p - a scroll of brand weapon {unknown}
 t - 7 scrolls of teleportation
 x - a scroll of blinking {unknown}
Potions
 g - a potion of ambrosia {unknown}
 h - a potion of curing
 i - 2 potions of flight {unknown}
 m - 2 potions of attraction {unknown}
 q - 2 potions of haste {unknown}
 u - a potion of mutation {unknown}
 z - a potion of lignification
 A - a potion of heal wounds {unknown}


   Skills:
 + Level 5.4 Fighting
 * Level 8.5 Staves
 - Level 2.0 Throwing
 * Level 8.6 Dodging
 * Level 8.5 Air Magic
 - Level 2.0 Poison Magic


You had 2 spell levels left.
You knew the following spells:

 Your Spells              Type           Power      Damage    Failure   Level
a - Shock                 Conj/Air       40%        1d5       6%          1
b - Swiftness             Air            20%        N/A       3%          3
c - Poisonous Vapours     Pois/Air       24%        N/A       6%          2

Your spell library contained the following spells:

 Spells                   Type           Power      Damage    Failure   Level
 Corpse Rot               Necr/Air       20%        N/A       9%          2
 Airstrike                Air            10%        N/A       10%         4


Dungeon Overview and Level Annotations

Branches:
Dungeon (8/15)             Temple (1/1) D:4
   Lair: D:8-11

Altars:
Ashenzari
Cheibriados
Dithmenos
Elyvilon
Fedhas
Gozag
Hepliaklqana
Kikubaaqudgha
Makhleb
Nemelex Xobeh
Okawaru
Qazlal
Ru
Sif Muna
Trog
Uskayaw
Vehumet
Wu Jian
Xom
Yredelemnul
Zin
The Shining One

Annotations:
D:7 Joseph


Innate Abilities, Weirdness & Mutations

You have a beak for a mouth.
You have claws for feet.
Your magical nature lets you fly swiftly and evasively.


Message History

You feel very mighty all of a sudden.
The centaur shoots an arrow.
The arrow completely misses you.
The arrow barely misses the gnoll.
The gnoll misses you.
The gnoll hits you from afar with a +0 spear.
The gnoll barely misses you. The gnoll completely misses you.
The centaur shoots an arrow.
The arrow barely misses you.
The arrow hits the gnoll.
You sock the gnoll!
You kill the gnoll!
Sif Muna accepts your kill. The gnoll barely misses you.
The gnoll closely misses you.
You barely miss the gnoll. You claw the gnoll!
You kill the gnoll!
Sif Muna accepts your kill. The gnoll closely misses you.
The gnoll barely misses you. The gnoll completely misses you.
The orc completely misses you. The wyvern misses you.
The gnoll barely misses you.
An orc wizard comes into view. It is wielding a +0 dagger.
You barely miss the gnoll. Your kick misses the gnoll. You peck the gnoll.
The gnoll is heavily wounded.
The wyvern bites you. The gnoll hits you with a +0 club.
The orc hits you with a +0 dagger.
A steam dragon comes into view.
The gnoll barely misses you.
You barely miss the gnoll. You claw the gnoll!
You kill the gnoll!
Sif Muna accepts your kill. The wyvern bites you!
* * * LOW HITPOINT WARNING * * *
An orc wizard comes into view. It is wielding a +0 dagger.
The gnoll misses you. The orc misses you.
The wyvern hisses menacingly.
The wyvern completely misses you.
You closely miss the centaur.
The centaur unwields a +0 shortbow.
The centaur hits you.
* * * LOW HITPOINT WARNING * * *
The centaur misses you.
An orc comes into view. It is wielding a +0 mace.
The wyvern bites you!
You die...

..............#
..............#
.........>D...#
..............#
..............#
.............##
.....##)......##
######))..)cl..##
#.)....g@o..#
#.......o)..#
#...........####
##..............
##...#.......[.
######...#.oo.
####.###...o
#....####..#
#........>#


You could see a steam dragon, an orc warrior, a wyvern, a centaur, 2 orc
wizards, a gnoll and 2 orcs.

Vanquished Creatures
  Maggie (D:6)
  A troll (D:7)
  Grinder (D:5)
  A wyvern (D:7)
  Edmund (D:6)
  An acid dragon (D:7)
  An ice beast (D:5)
  3 hornet zombies
  A black bear (D:7)
  2 ogres
  A necrophage (D:5)
  A centaur (D:8)
  A phantom (D:5)
  2 bullfrogs (D:7)
  2 scorpions (D:5)
  2 water moccasin zombies (D:5)
  2 water moccasin skeletons (D:5)
  6 wights
  2 centaur zombies
  2 hounds
  A gnoll shaman (D:8)
  2 iguanas
  A hound skeleton (D:3)
  4 adders
  3 gnolls (D:8)
  2 howler monkey skeletons
  3 dart slugs
  3 worms (D:2)
  3 orcs (D:5)
  8 ball pythons
  5 bats
  5 endoplasms
  11 giant cockroaches
  8 goblins
  4 hobgoblins
  3 jackals (D:4)
  2 kobolds
  3 quokkas
  A frilled lizard (D:3)
  A jackal skeleton (D:4)
  10 rats
117 creatures vanquished.

Vanquished Creatures (others)
  10 plants (D:2)
  14 withered plants (D:2)
24 creatures vanquished.

Grand Total: 141 creatures vanquished

Notes
Turn   | Place    | Note
-------+----------+-------------------------------------------
     0 | D:1      | hashsling the Tengu Gladiator began the quest for the Orb.
     0 | D:1      | Reached XP level 1. HP: 12/12 MP: 2/2
   191 | D:1      | Reached XP level 2. HP: 17/17 MP: 3/3
   972 | D:2      | Reached XP level 3. HP: 21/21 MP: 4/4
  1142 | D:2      | Found a faded altar of an unknown god.
  1155 | D:2      | Identified the +0 robe "Cemuin" {Drain rF++ Str+3}
  1232 | D:2      | Reached XP level 4. HP: 27/27 MP: 5/5
  2870 | D:4      | Learned a level 1 spell: Shock
  2970 | D:4      | Found a staircase to the Ecumenical Temple.
  2979 | D:4      | Gained mutation: Your magical nature lets you fly swiftly
                  | and evasively. [Tengu growth]
  2979 | D:4      | Reached XP level 5. HP: 32/32 MP: 6/6
  2991 | Temple   | Entered the Ecumenical Temple
  3283 | Temple   | Became a worshipper of Sif Muna the Loreminder
  3366 | D:4      | Reached skill level 1 in Air Magic
  3964 | D:5      | Entered Level 5 of the Dungeon
  3964 | D:5      | Noticed a necrophage
  3975 | D:5      | Killed a necrophage
  3976 | D:5      | Reached skill level 5 in Staves
  3976 | D:5      | Reached skill level 5 in Dodging
  3976 | D:5      | Reached XP level 6. HP: 35/37 MP: 7/7
  4054 | D:5      | Learned a level 3 spell: Swiftness
  4123 | D:5      | Reached XP level 7. HP: 24/41 MP: 5/8
  4501 | D:5      | Reached XP level 8. HP: 13/48 MP: 9/9
  4843 | D:5      | Reached skill level 5 in Air Magic
  5009 | D:5      | Noticed Grinder
  5009 | D:5      | Paralysed by Grinder for 4 turns
  5043 | D:5      | Paralysed by Grinder for 4 turns
  5047 | D:5      | Killed Grinder
  5522 | D:6      | Learned a level 2 spell: Poisonous Vapours
  5525 | D:6      | Noticed Edmund
  5548 | D:6      | Killed Edmund
  5752 | D:6      | Reached * piety under Sif Muna
  5795 | D:6      | Noticed Maggie
  5820 | D:6      | HP: 2/48 [Maggie/bolt of fire (4)]
  5822 | D:6      | Killed Maggie
  5823 | D:6      | Reached XP level 9. HP: 15/52 MP: 0/10
  6222 | D:6      | Found a sacrificial altar of Ru.
  6599 | D:7      | Noticed a troll
  6605 | D:7      | Killed a troll
  6606 | D:7      | Reached skill level 5 in Fighting
  6606 | D:7      | Reached skill level 1 in Poison Magic
  7562 | D:7      | Noticed Joseph
  7952 | D:8      | Slain by a wyvern

Illustrated notes

Levels and vault maps discovered:
D:1:      heliophobic_arrival_ceremonial_halls, layout_basic, minmay_ruptured
D:2:      minmay_roachtagon, layout_rooms, shapermc_ecumenical_altar_flowoftime
D:3:      layout_loops_corners
D:4:      layout_basic, minmay_temple_entry_junction_2
D:5:      minmay_evil_eye, layout_loops_ring, uniq_grinder
D:6:      layout_cave_pools, nicolae_ru_path_of_blood, uniq_maggie, uniq_edmund
D:7:      layout_basic, uniq_joseph
D:8:      layout_rooms
Temple:   regret_index_temple_sigil_plot

Skill      XL: |  1  2  3  4  5  6  7  8  9 |
---------------+----------------------------+-----
Staves         | 4 5 6 7 8 |  8.5
Dodging        | 4 5 6 7 8 |  8.6
Air Magic      | 2 3 4 6 8 |  8.5
Fighting       | 3 4 5 |  5.4
Poison Magic   | 2 |  2.0
Throwing       | |  2.0

Action                   |  1- 3 |  4- 6 |  7- 9 || total
-------------------------+-------+-------+-------++-------
Melee: Quarterstaff      |    62 |   122 |   200 ||   384
       Kick              |    12 |    26 |    64 ||   102
       Peck              |     6 |    15 |    43 ||    64
Throw: Throwing net      |       |     2 |       ||     2
       Boomerang         |       |     2 |       ||     2
 Cast: Shock             |       |     1 |    33 ||    34
       Poisonous Vapours |       |       |    10 ||    10
       Swiftness         |       |       |     5 ||     5
  Use: Potion            |       |     3 |     6 ||     9
       Scroll            |       |       |     5 ||     5
 Stab: Sleeping          |       |     2 |     1 ||     3
       Distracted        |       |     1 |       ||     1
Armor: Leather armour    |    13 |       |       ||    13
       Robe              |       |    20 |    23 ||    43
       Skin              |       |       |    10 ||    10
Dodge: Dodged            |    50 |    76 |   166 ||   292

Table legend: (Time is in decaauts)
 A = Elapsed time spent in this place.
 B = Non-inter-level travel time spent in this place.
 C = Inter-level travel time spent in this place.
 D = Time resting spent in this place.
 E = Time spent auto-exploring this place.
 F = Levels seen in this place.
 G = Mean time per level.
                   A        B        C        D        E       F      G
               +--------+--------+--------+--------+--------+-----+--------+
         Total |   7711 |   7537 |    174 |    226 |   6261 |   9 |  856.8 |
       Dungeon |   7424 |   7274 |    150 |    226 |   6038 |   8 |  928.0 |
        Temple |    287 |    264 |     23 |      0 |    223 |   1 |  287.0 |
               +--------+--------+--------+--------+--------+-----+--------+

Top non-repeatable levels by time:
     D:5: 1356 daAuts
     D:3: 1201 daAuts
     D:7: 1068 daAuts
     D:6: 1032 daAuts
     D:2: 814 daAuts
     D:4: 807 daAuts
     D:1: 779 daAuts
     D:8: 365 daAuts
  Temple: 287 daAuts
